 Dungeon Crawl Stone Soup version 0.28.0-53-g5a82cb258f (webtiles) character file.

Game seed: 2558341613777263542

14 Zeld the Firebug (level 2, -2/24 HPs)
             Began as an Ogre Fire Elementalist on June 6, 2022.
             Slain by a hobgoblin (4 damage)
             ... on level 1 of the Dungeon.
             The game lasted 00:00:44 (447 turns).

Zeld the Firebug (Ogre Fire Elementalist)            Turns: 447, Time: 00:00:45

Health: -2/24      AC:  3    Str: 11    XL:     2   Next: 41%
Magic:  0/5        EV:  9    Int: 16    God:
Gold:   0          SH:  0    Dex:  9    Spells: 3/6 levels left

rFire   . . .      SeeInvis .   (no weapon)
rCold   . . .      Faith    .   (no shield)
rNeg    . . .      Spirit   .   a - +0 robe
rPois   .          Reflect  .   (helmet restricted)
rElec   .          Harm     .   (no cloak)
rCorr   .          Rampage  .   (gloves unavailable)
Will    .....                   (boots unavailable)
Stlth   +.........              (no amulet)
HPRegen 0.08/turn               (no ring)
MPRegen 0.09/turn               (no ring)

@: no status effects
A: large, unfitting armour, tough skin 1
a: no special abilities


You were on level 1 of the Dungeon.
You visited 1 branch of the dungeon, and saw 1 of its levels.

Inventory:

Armour
 a - a +0 robe (worn)
Potions
 b - 2 potions of lignification {unknown}


   Skills:
 + Level 1.9 Dodging
 - Level 1.4 Stealth
 * Level 2.8 Spellcasting
 + Level 1.1 Conjurations
 * Level 2.9 Fire Magic


You had 3 spell levels left.
You knew the following spells:

 Your Spells              Type           Power      Damage    Failure   Level
a - Foxfire               Conj/Fire      32%        2x1d5     9%          1
b - Scorch                Fire           22%        2d6       9%          2

Your spell library contained the following spells:

 Spells                   Type           Power      Damage    Failure   Level
 Conjure Flame            Conj/Fire      8%         6-21      24%         3
 Inner Flame              Hex/Fire       7%         N/A       30%         3
 Flame Wave               Conj/Fire      8%         2d5       63%         4


Dungeon Overview and Level Annotations

Branches:
Dungeon (1/15)

Altars:


Innate Abilities, Weirdness & Mutations

You are too large for most types of armour.
You have tough skin. (AC +1)


Message History

The jackal bites you.
* * * LOW HITPOINT WARNING * * *
The jackal closely misses you.
Casting: Foxfire (safe; 9% risk of failure)
Confirm with . or Enter, or press ? or * to list all spells.
You conjure some foxfire!
The jackal barely misses you. The jackal bites you.
* * * LOW HITPOINT WARNING * * *
Your foxfire dissipates!
The foxfire hits the jackal.
The jackal is severely wounded.
The jackal barely misses you. The jackal bites you.
* * * LOW HITPOINT WARNING * * *
The jackal bites you.
* * * LOW HITPOINT WARNING * * *
The jackal completely misses you. The jackal closely misses you.
Casting: Foxfire (safe; 9% risk of failure)
Confirm with . or Enter, or press ? or * to list all spells.
You conjure some foxfire!
The jackal bites you but does no damage.
Your foxfire dissipates!
The foxfire hits the jackal.
You kill the jackal!
Unknown command.
The hobgoblin hits you.
* * * LOW HITPOINT WARNING * * *
Casting: Foxfire (safe; 9% risk of failure)
Confirm with . or Enter, or press ? or * to list all spells.
You conjure some foxfire!
The hobgoblin hits you but does no damage.
The foxfire hits the kobold but does no damage.
The kobold is moderately wounded.
The foxfire hits the hobgoblin.
The hobgoblin is almost dead.
You see here a frilled lizard skeleton.
Casting: Foxfire (safe; 9% risk of failure)
Confirm with . or Enter, or press ? or * to list all spells.
You conjure some foxfire!
The hobgoblin hits you.
You die...

.# #......# .#####.####.#
.......####.# #####.....#.#
#####..##.#.###### #.
##.....##....K...# #.#
##.##.......####K## #.#
#...#.####### #vg.# ##.##
......# ###.@.### #...#
#...#########....v.÷##
#...##
######...............#
#..... #
#........#...#.#.######....#
#
#........#....###.#.........
####
#..........#...#.....)....†.
...#
#........#.#.#).###.........
##g# #...............#
#####....# #.#
#...............# #.....


You could see a hobgoblin (ally target) and a kobold.

Vanquished Creatures
  An endoplasm (D:1)
  A giant cockroach (D:1)
  A goblin (D:1)
  2 hobgoblins (D:1)
  A jackal (D:1)
  A kobold (D:1)
  2 ball pythons (D:1)
  3 frilled lizards (D:1)
  A rat (D:1)
13 creatures vanquished.

Vanquished Creatures (others)
  25 foxfires (D:1)
25 creatures vanquished.

Grand Total: 38 creatures vanquished

Notes
Turn   | Place    | Note
-------+----------+-------------------------------------------
     0 | D:1      | Zeld the Ogre Fire Elementalist began the quest for the
                  | Orb.
     0 | D:1      | Reached XP level 1. HP: 16/16 MP: 3/3
    81 | D:1      | Reached skill level 1 in Conjurations
   216 | D:1      | Reached XP level 2. HP: 24/24 MP: 0/5
   219 | D:1      | Learned a level 2 spell: Scorch
   447 | D:1      | Slain by a hobgoblin

Illustrated notes

Levels and vault maps discovered:
D:1:      kennysheep_arrival_seaside, layout_loops_cross, minmay_split_cup_small

Skill      XL: |  1 |
---------------+----+-----
Conjurations   | 1 |  1.1
Dodging        | |  1.9
Stealth        | |  1.4
Spellcasting   | |  2.8
Fire Magic     | |  2.9

Action                   || total
-------------------------++-------
Melee: Unarmed           ||    22
 Cast: Foxfire           ||    21
       Scorch            ||     1
Armor: Robe              ||    15
Dodge: Dodged            ||    32
